Arrhythmia, neutral female human Tourist --------- --------- --------- --------- --------- |.......| |.......| |.......| |.......| |.......| |.......-#####........| |.......| |.......-#####-.......| |....>..| |.......| |........#### |.......| |.......| |.......| |.......| |.......| # |.......| |.......| |......@| |.......| |.......| ##........| |.......| -----|--- -|------- -----.--- -----.--- ---.----- #### # # # ### # # # # # ## # # ## ## ## -|------- -|-#----- ----.---- ----+---- ------.-- |.......| |.......| #-...(...| |.......| |.......| |^......| |.......| ###|.......| |.......| |.......| |.......| |.......| # |...)^..| |.......| |.......| |^......| |........### |........#####|.......| |......<| |.......| |.......| |.......| #........| |.......| --------- --------- --------- --------- --------- Arrhythmia the Sightseer Experience level: 5 Strength: 10 Dexterity: 17 Constitution: 16 Intelligence: 11 Wisdom: 8 Charisma: 13 Health: 26(44) Energy: 16(16) AC: 1 Gold: 760 Moves: 1369 Your Inventory: Coins $ - 760 gold pieces Weapons a - 23 uncursed +2 darts (in quiver) Armor k - an uncursed +0 Hawaiian shirt (being worn) p - an [uncursed] +0 iron skull cap [orcish helm] (being worn) w - an [uncursed] +0 hooded cloak [dwarvish] N - an [uncursed] +0 pair of leather gloves (being worn) P - a [blessed] +1 splint mail [of reflection] (being worn) Comestibles b - 2 uncursed food rations c - 2 uncursed tripe rations d - 2 uncursed Hot Futa Mare Dicks e - an uncursed cram ration f - an uncursed clove of garlic Scrolls j - 2 blessed scrolls of magic mapping q - a [cursed] scroll labeled ABRA KA DABRA [of identify] u - a [cursed] scroll of magic mapping A - an [uncursed] scroll labeled ABRA KA DABRA [of identify] D - a [cursed] scroll labeled AQUE BRAGH [of confuse monster] E - an [uncursed] scroll labeled AQUE BRAGH [of confuse monster] F - an [uncursed] scroll labeled XIXAXA XOXAXA XUXAXA [of remove curse] Potions g - an uncursed potion of extra healing h - a blessed potion of extra healing x - an [uncursed] magenta potion [of sleeping] Rings B - an [uncursed] quartz ring [of conflict] Wands o - a [cursed] wand of create monster [0:10] Tools l - an uncursed expensive camera (0:39) m - an uncursed credit card L - an [uncursed] bag [sack] Gems s - an [uncursed] red gem [worthless glass] z - an [uncursed] blue gem [worthless glass] H - an [uncursed] white gem [opal] Spells known in the end: Name Level Category Fail Memory Your skills at the end: Fighting Skills Weapon Skills dart [Basic / Expert] Spellcasting Skills Final Attributes: You were devoutly aligned. Hunger level was 620. Your alignment was 16 / 16. Monster difficulty range was 0 - 3. Level difficulty was 1. You had reflection. Your luck was zero. You survived. Vanquished creatures: a kitten 3 dwarf zombies 3 coyotes 2 hobbits a large kobold a giant rat a yellow mold a gnome zombie 4 geckos 3 jackals 2 goblins 2 sewer rats 3 grid bugs a newt 28 creatures vanquished. Voluntary challenges: You were an atheist. You never hit with a wielded weapon. You read items or engraved 4 times. You put on armor 7 times. You never genocided any monsters. You never polymorphed an object. You never changed form. You used no wishes. You wrote Elbereth's name 2 times. You never encountered a bones level. You never used any Sokoban shortcuts. Dungeon overview: The Dungeons of Doom: levels 1 to 3 Level 1 <- You were here a long staircase Level 2 a scroll shop Level 3 a general store, a fountain History has recorded: On T:1 you entered the Dungeons of Doom to retrieve the Amulet of Yendor! On T:291 you reached level 2 of The Dungeons of Doom. On T:293 you advanced to experience level 2. On T:363 you advanced to experience level 3. On T:818 you reached level 3 of The Dungeons of Doom. On T:1093 you advanced to experience level 4. On T:1317 you advanced to experience level 5. Latest messages: You kill the gecko! [HP+1=22] [2 turns] You have a little trouble lifting a - an uncursed +2 dart (in quiver). You see here a gecko corpse. You see here a coyote corpse. [2 turns] [HP+1=23] [2 turns] (2x) [HP+1=24] [2 turns] (2x) [HP+1=25] [2 turns] [HP+1=26] [2 turns] Never mind. You drop 4 uncursed food rations. [2 turns] The sack is empty. Final status: Aloha Arrhythmia the Tourist... You quit in The Dungeons of Doom on dungeon level 1 with 610 points, and 760 pieces of gold, after 1369 moves. You were level 5 with a maximum of 44 hit points when you quit.